 Dungeon Crawl Stone Soup version 0.31-a0-222-gefeffbb62a (webtiles) character file.

Game seed: 7164730223125072225

71 Maxmaps the Poker (level 4, 0/33 HPs)
             Began as a Demonspawn Reaver on July 6, 2023.
             Was an Initiate of Gozag.
             Slain by a gnoll
             ... wielding a +0 whip
              (3 damage)
             ... on level 2 of the Dungeon.
             The game lasted 00:02:57 (1816 turns).

Maxmaps the Poker (Demonspawn Reaver)               Turns: 1816, Time: 00:02:58

Health: 0/33       AC:  6    Str: 12    XL:     4   Next: 5%
Magic:  7/7        EV:  9    Int: 16    God:    Gozag
Gold:   222        SH:  0    Dex: 12    Spells: 6/7 levels left

rFire   . . .        a - +0 spear
rCold   . . .        (no shield)
rNeg    . . .        i - +0 scale mail
rPois   .            (no helmet)
rElec   .            (no cloak)
rCorr   .            (no gloves)
SInv    .            (no boots)
Will    .....        g - amulet of magic regeneration Stlth
                     (no ring)
HPRegen 0.25/turn    (no ring)
MPRegen 0.50/turn

%: no passive effects
@: no status effects
A: ignite blood 1, demonic magic 1
a: Renounce Religion, Potion Petition, Call Merchant, Bribe Branch


You were on level 2 of the Dungeon.
You worshipped Gozag.
Gozag was aware of your devotion.
You visited 1 branch of the dungeon, and saw 3 of its levels.

You collected 250 gold pieces.
You paid 28 gold pieces to Gozag.

Inventory:

Hand Weapons
 a - a +0 spear (weapon)
Armour
 b - a +0 leather armour
 i - a +0 scale mail (worn)
Jewellery
 g - an amulet of magic regeneration (around neck)
Scrolls
 c - 3 scrolls of teleportation {unknown}
 e - a scroll of amnesia {unknown}
 h - a scroll of noise {unknown}
 j - a scroll of enchant weapon {unknown}
Potions
 d - a potion of haste {unknown}
 f - 3 potions of curing {unknown}
 k - a potion of ambrosia {unknown}
 l - 2 potions of mutation {unknown}
 m - a potion of degeneration {unknown}


   Skills:
 - Level 2.0 Fighting
 + Level 4.5 Polearms
 - Level 1.7 Dodging
 - Level 2.0 Spellcasting
 - Level 3.0 Conjurations


You had 6 spell levels left.
You knew the following spells:

 Your Spells              Type           Power      Damage    Failure   Level
a - Kiss of Death         Conj/Necr      24%        2d7       52%         1

Your spell library contained the following spells:

 Spells                   Type           Power      Damage    Failure   Level
 Momentum Strike          Conj/Tloc      12%        3d8       67%         2
 Hailstorm                Conj/Ice       6%         3d4       88%         3


Dungeon Overview and Level Annotations

Branches:
Dungeon (3/15)

Altars:
Gozag

Shops:
D:3 (


Innate Abilities, Weirdness & Mutations

Your demonic aura sometimes causes spilled blood to erupt in flames.
Spells you cast may paralyse adjacent enemies.


Message History

You feel agile.
Your demonic ancestry asserts itself...
A menacing aura infuses your magic.
You hit the giant cockroach.
The giant cockroach is moderately wounded.
The giant cockroach closely misses you.
You hit the giant cockroach but do no damage.
The giant cockroach is moderately wounded.
The giant cockroach bites you but does no damage.
You barely miss the giant cockroach.
The giant cockroach is moderately wounded.
The giant cockroach bites you but does no damage.
You hit the giant cockroach but do no damage.
The giant cockroach is moderately wounded.
The giant cockroach bites you but does no damage.
You hit the giant cockroach.
The giant cockroach is heavily wounded.
The giant cockroach barely misses you.
You hit the giant cockroach.
The giant cockroach is severely wounded.
The giant cockroach bites you.
You hit the giant cockroach.
You kill the giant cockroach!
You now have 214 gold pieces (gained 7).
You now have 222 gold pieces (gained 8).
You see here a +0 whip.
You start resting.
HP restored.
There is a stone staircase leading down here.
You climb downwards.
The gnoll hits you with a +0 flail! The goblin hits you but does no damage.
There is a stone staircase leading up, spattered with blood here.
The gnoll hits you with a +0 whip! The gnoll hits you with a +0 flail!
* * * LOW HITPOINT WARNING * * *
The goblin hits you but does no damage.
You climb upwards.
There is a stone staircase leading down here.
The goblin hits you but does no damage. The gnoll attacks as you move away!
The gnoll hits you with a +0 whip.
You die...
Your body crumbles into a pile of gold.

#..[..#.##...# #..
#.....#.##...# #..
#.....#.#....##########.
#.....#.#..#.##.......##
####.##....#.##.......##
#.##......##.......##
#.###.#...##.......##
#######.###.#...##.........
#.......)g@.....##........<
#........gg.....########...
#.......###.###.#### #...
#.......# #.# #....# #...
#.......# #.# #....#####...
######### #.# #....#.......
#.# #....#....... #.#
#....#.......
###########.###....#.......


You could see 2 gnolls and a goblin.

Vanquished Creatures
  2 adders (D:2)
  A gnoll (D:2)
  A worm (D:2)
  An orc (D:3)
  4 ball pythons
  2 bats
  5 endoplasms
  A giant cockroach (D:2)
  4 goblins
  2 hobgoblins
  3 jackals (D:2)
  3 quokkas (D:2)
  2 frilled lizards
  A kobold (D:2)
  5 rats
37 creatures vanquished.

Notes
Turn   | Place    | Note
-------+----------+-------------------------------------------
     0 | D:1      | Maxmaps the Demonspawn Reaver began the quest for the Orb.
     0 | D:1      | Reached XP level 1. HP: 16/16 MP: 3/3
   185 | D:1      | Reached skill level 3 in Polearms
   511 | D:1      | Gained mutation: Your demonic aura sometimes causes spilled
                  | blood to erupt in flames. [demonic ancestry]
   511 | D:1      | Reached XP level 2. HP: 19/22 MP: 5/5
   741 | D:2      | Found an opulent altar of Gozag.
   805 | D:2      | Became a worshipper of Gozag Ym Sagoz the Greedy
   969 | D:2      | Found a faded altar of an unknown god.
  1020 | D:2      | Reached XP level 3. HP: 23/27 MP: 6/6
  1024 | D:2      | Reached skill level 4 in Polearms
  1715 | D:3      | Found Leiteeb's Antique Weapon Shoppe.
  1738 | D:2      | Gained mutation: Spells you cast may paralyse adjacent
                  | enemies. [demonic ancestry]
  1738 | D:2      | Reached XP level 4. HP: 17/33 MP: 7/7
  1816 | D:2      | Slain by a gnoll

Illustrated notes

Levels and vault maps discovered:
D:1:      minmay_arrival_cross, layout_loops_ring, grunt_decor_arrowhead
D:2:      cheibrodos_helix_gallery, layout_basic, basic_altar,
          shapermc_ecumenical_altar_mp_urbaneastern
D:3:      layout_rooms, demons_altar, nicolae_overflow_two_pavilions,
          old_standard_altar, serial_shops, shop

Skill      XL: |  1  2  3 |
---------------+----------+-----
Polearms       | 3 4 |  4.5
Fighting       | |  2.0
Dodging        | |  1.7
Spellcasting   | |  2.0
Conjurations   | |  3.0

Action                     |  1- 3 |  4- 6 || total
---------------------------+-------+-------++-------
  Melee: Spear             |   133 |     7 ||   140
         Punch             |     1 |       ||     1
   Stab: Sleeping          |     1 |       ||     1
 Armour: Leather armour    |     3 |       ||     3
         Scale mail        |    34 |     6 ||    40
  Dodge: Dodged            |    34 |     2 ||    36

Table legend: (Time is in decaauts)
 A = Elapsed time spent in this place.
 B = Non-inter-level travel time spent in this place.
 C = Inter-level travel time spent in this place.
 D = Time resting spent in this place.
 E = Time spent auto-exploring this place.
 F = Levels seen in this place.
 G = Mean time per level.
                   A        B        C        D        E       F      G
               +--------+--------+--------+--------+--------+-----+--------+
         Total |   1806 |   1722 |     84 |     60 |   1390 |   3 |  602.0 |
       Dungeon |   1806 |   1722 |     84 |     60 |   1390 |   3 |  602.0 |
               +--------+--------+--------+--------+--------+-----+--------+

Top non-repeatable levels by time:
     D:2: 1156 daAuts
     D:1: 629 daAuts
     D:3: 20 daAuts
